 Dungeon Crawl Stone Soup version 0.30.0-5-g1a98f26d00 (webtiles) character file.

Game seed: 16955439850117557645

253918 Jackthecabe the Scorcher (level 19, -5/124 HPs)
             Began as a Deep Elf Fire Elementalist on May 11, 2023.
             Was the Champion of Vehumet.
             Slain by a dire elephant (17 damage)
             ... on level 2 of the Vaults.
             The game lasted 02:22:03 (48944 turns).

Jackthecabe the Scorcher (DEFE)                    Turns: 48944, Time: 02:22:32

Health: -5/124     AC: 21    Str:  5    XL:     19   Next: 1%
Magic:  7/41       EV: 16    Int: 33    God:    Vehumet [******]
Gold:   2341       SH:  9    Dex: 18    Spells: 3/50 levels left

rFire   + + +        b - staff of fire "Keyjolut" {rF+ Int+4 Dex+3, !a}
rCold   + + +        a - +3 buckler {AC+3}
rNeg    . . .        J - +3 leather armour {Will+}
rPois   +            s - +0 helmet of the Jabberwock {rF+}
rElec   +            p - +2 cloak of the Sky {rPois rCorr}
rCorr   +            g - +2 pair of gloves
SInv    .            (no boots)
Will    ++...        v - amulet of magic regeneration
Stlth   +++          i - ring of Enupn {+Blink rElec AC+4}
HPRegen 0.40/turn    h - ring "Icvaimya" {*Slow Fly rF++ rC+++ Slay+4}
MPRegen 0.67/turn

%: slow self (1%)
@: flying, studying Staves
A: no striking features
}: 2/15 runes: decaying, serpentine
a: Renounce Religion, Evoke Blink


You were on level 2 of the Vaults.
You worshipped Vehumet.
Vehumet was exalted by your worship.
You visited 7 branches of the dungeon, and saw 34 of its levels.
You visited 1 bazaar.
You also visited: Bailey and Gauntlet.

You collected 5626 gold pieces.
You spent 3285 gold pieces at shops.


   Skills:
 - Level 15.0 Fighting
 - Level 6.0 Armour
 + Level 10.9 Dodging
 - Level 4.0 Stealth
 - Level 5.0 Shields
 - Level 16.0 Spellcasting
 + Level 12.8 Conjurations
 - Level 10.0 Summonings
 + Level 18.5 Fire Magic
 - Level 6.0 Air Magic
 - Level 10.0 Earth Magic
 - Level 2.0 Poison Magic
 - Level 8.0 Evocations


You had 3 spell levels left.
You knew the following spells:

 Your Spells              Type           Power      Damage    Failure   Level
a - Starburst             Conj/Fire      57%        6d15      1%          6
f - Foxfire               Conj/Fire      100%       2x1d9     0%          1
i - Irradiate             Conj/Tmut      31%        3d22      2%          5
l - Lee's Rapid Deconstr  Erth           37%        3d19*     1%          5
m - Fire Storm            Conj/Fire      57%        8d14      82%         9
n - Ignition              Fire           61%        3d16      3%          8
p - Spellforged Servitor  Conj/Summ      40%        N/A       9%          7
s - Iron Shot             Conj/Erth      40%        9d8       1%          6

Your spell library contained the following spells:

 Spells                   Type           Power      Damage    Failure   Level
 Lehudib's Crystal Spear  Conj/Erth      40%        10d10     50%         8
 Maxwell's Capacitive Co  Air            30%        ∞         99%         8
 Polar Vortex             Ice            13%        N/A       100%        9
 Magic Dart               Conj           100%       1d8       0%          1
 Scorch                   Fire           100%       2d9       0%          2
 Kiss of Death            Conj/Necr      100%       2d13      1%          1
 Call Imp                 Summ           100%       N/A       1%          2
 Cigotuvi's Dreadful Rot  Necr/Pois/Air  86%        N/A       1%          2
 Passwall                 Tmut/Erth      46%        N/A       1%          2
 Dazzling Flash           Conj/Hex       100%       N/A       1%          3
 Ignite Poison            Fire/Tmut/Pois 82%        N/A       1%          3
 Inner Flame              Hex/Fire       92%        N/A       1%          3
 Mephitic Cloud           Conj/Pois/Air  64%        N/A       1%          3
 Swiftness                Air            60%        N/A       1%          3
 Volatile Blastmotes      Fire/Tloc      100%       2d18      1%          3
 Apportation              Tloc           52%        N/A       4%          1
 Ensorcelled Hibernation  Hex/Ice        52%        N/A       6%          2
 Spider Form              Tmut/Pois      33%        N/A       8%          3
 Confusing Touch          Hex            26%        N/A       12%         3
 Ozocubu's Armour         Ice            26%        N/A       12%         3
 Portal Projectile        Hex/Tloc       52%        N/A       12%         3
 Tukima's Dance           Hex            26%        N/A       12%         3
 Animate Armour           Summ/Erth      100%       N/A       1%          4
 Flame Wave               Conj/Fire      100%       2d21      1%          4
 Fulminant Prism          Conj/Hex       31%        3d15      1%          4
 Iskenderun's Mystic Bla  Conj/Tloc      62%        2d13      1%          4
 Sticky Flame             Conj/Fire      100%       2d11      1%          4
 Arcjolt                  Conj/Air       36%        1d46      1%          5
 Iskenderun's Battlesphe  Conj           84%        2d13      1%          5
 Freezing Cloud           Conj/Ice/Air   30%        6-21      2%          5
 Olgreb's Toxic Radiance  Pois           39%        N/A       4%          4
 Petrify                  Tmut/Erth      56%        N/A       4%          4
 Borgnjor's Vile Clutch   Necr/Erth      28%        N/A       14%         5
 Yara's Violent Unravell  Hex/Tmut       13%        3d7       28%         5
 Silence                  Hex/Air        23%        N/A       32%         5
 Anguish                  Hex/Necr       13%        N/A       36%         4
 Animate Dead             Necr           26%        N/A       36%         4
 Cause Fear               Hex            13%        N/A       36%         4
 Dispel Undead            Necr           26%        3d13      36%         4
 Passage of Golubria      Tloc           26%        N/A       36%         4
 Alistair's Intoxication  Tmut/Pois      22%        N/A       58%         5
 Statue Form              Tmut/Erth      37%        N/A       61%         6
 Agony                    Necr           26%        N/A       73%         5
 Metabolic Englaciation   Hex/Ice        13%        N/A       73%         5
 Death Channel            Necr           13%        N/A       99%         6
 Simulacrum               Ice/Necr       13%        N/A       99%         6
 Haunt                    Necr/Summ      28%        N/A       99%         7
 Dragon Form              Tmut           13%        N/A       100%        7
 Enfeeble                 Hex            13%        N/A       100%        7
 Discord                  Hex            13%        N/A       100%        8
 Disjunction              Tloc           13%        N/A       100%        8
 Infestation              Necr           13%        N/A       100%        8
 Chain Lightning          Conj/Air       36%        3d48      100%        9
 Dragon's Call            Summ           37%        N/A       100%        9
 Shatter                  Erth           37%        3d30*     100%        9

Inventory:

Missiles
 B - 11 curare-tipped darts {=f}
 Q - 5 throwing nets {=f}
Armour
 a - a +3 buckler of protection (worn)
 g - a +2 pair of gloves (worn)
 p - the +2 cloak of the Sky (worn) {rPois rCorr}
   (You bought it in a shop in a bazaar)

   rPois:     It protects you from poison.
   rCorr:     It protects you from acid and corrosion.
 s - the +0 helmet of the Jabberwock (worn) {rF+}
   (You bought it in a shop on level 2 of the Orcish Mines)

   rF:        It protects you from fire.
 J - a +3 leather armour of willpower (worn)
Magical Staves
 b - the staff of fire "Keyjolut" (weapon) {rF+ Int+4 Dex+3, !a}
   (You acquired it on level 11 of the Dungeon)

   [staff of fire]

   Base accuracy: +5 Base damage: 5 Base attack delay: 1.2 This weapon's minimum
   attack delay (0.6) is reached at skill level 12.
   Int:       It affects your intelligence (+4).
   Dex:       It affects your dexterity (+3).
   rF:        It protects you from fire.
   It falls into the 'Staves' category.
   It is a one-handed weapon.
Jewellery
 h - the ring "Icvaimya" (right hand) {*Slow Fly rF++ rC+++ Slay+4}
   (You bought it in a shop on level 2 of the Orcish Mines)

   [ring of flight]

   Slay:      It affects your accuracy & damage with ranged weapons and melee
   (+4).
   rF:        It greatly protects you from fire.
   rC:        It renders you almost immune to cold.
   Fly:       It grants you flight.
   *Slow:     It may slow you when you take damage.
 i - the ring of Enupn (left hand) {+Blink rElec AC+4}
   (You found it in a bailey)

   [ring of protection]

   AC:        It affects your AC (+4).
   rElec:     It insulates you from electricity.
   +Blink:    It lets you blink.
 v - an amulet of magic regeneration (around neck)
 W - a ring of willpower
Wands
 f - a wand of polymorph (4)
 j - a wand of roots (33)
 w - a wand of flame (1)
 C - a wand of digging (3)
 P - a wand of charming (24)
 X - a wand of mindburst (24)
 Y - a wand of acid (36)
Scrolls
 d - 3 scrolls of blinking
 l - 7 scrolls of fear
 m - 7 scrolls of immolation
 q - a scroll of amnesia
 r - 3 scrolls of silence {!r}
 t - 16 scrolls of teleportation {@r2}
 z - 8 scrolls of poison
 D - a scroll of fog
 H - 10 scrolls of magic mapping
 R - a scroll of butterflies
 T - 2 scrolls of brand weapon
 V - 6 scrolls of vulnerability
Potions
 c - 15 potions of curing {@q1}
 e - 3 potions of might
 k - 6 potions of heal wounds {@q2}
 n - 6 potions of attraction
 u - 7 potions of lignification
 x - a potion of resistance
 A - 6 potions of mutation
 E - 8 potions of brilliance
 G - 3 potions of berserk rage {!q}
 K - a potion of ambrosia
 L - 6 potions of magic
 M - 4 potions of cancellation
 O - 4 potions of flight
 S - 6 potions of haste {@q3}
 U - 4 potions of invisibility
Miscellaneous
 o - a condenser vane

Dungeon Overview and Level Annotations

Branches:
Dungeon (15/15)            Temple (1/1) D:5            Lair (5/5) D:9
  Swamp (4/4) Lair:2        Snake (4/4) Lair:2        Slime (0/5) Lair:4
    Orc (2/2) D:10            Elf (0/3) Orc:2        Vaults (3/5) D:14
  Crypt (0/3) Vaults:2     Depths (0/4) D:15         Bailey (visited)
Gauntlet (visited)

Altars:
Ashenzari
Cheibriados
Dithmenos
Elyvilon
Fedhas
Gozag
Hepliaklqana
Kikubaaqudgha
Makhleb
Nemelex Xobeh
Okawaru
Qazlal
Ru
Sif Muna
Trog
Uskayaw
Vehumet
Wu Jian
Xom
Yredelemnul
Zin
The Shining One
Jiyva

Shops:
D:8 [   Orc:2 (==[   Snake:1 (   Snake:3 :

Portals:
Trove: D:11 (give 7 scrolls of fog)

Annotations:
D:8 vault, exclusion: door
Swamp:2 2 transporters, esper6's ghost, journeyman MeCA
Orc:1 1 runed translucent door, Jeffwins's ghost, journeyman OgMo

.......▒..▒.▒.▒.▒..▒.▒..▒,,,,*
.▒.....▒..▒▒▒▒▒▒▒.o▒..*.▒,,,**
.▒.▒▒▒.▒..'.▒ *,+..▒.p.,.o***
.▒.....▒.[▒▒▒▒▒▒▒..▒▒▒'▒*▒▒******
.......▒..▒.▒.▒.▒..▒ *..,,,,,,,,,
▒▒▒....▒..▒'▒[▒'▒..▒ *...,,,,,,,,
.......▒...........▒ *,,,,,,,,,,,
.▒.....▒........YY.▒ *,,,,,,,,,,,
.▒.▒▒▒.▒▒▒▒▒▒▒▒▒@▒▒▒▒*,,,,,,,,,,,
.▒.))..▒▒......▒....▒*,,,,,,,,,,,
....)).▒▒.▒▒▒▒.▒▒▒▒.▒*,,,,,,,,,,,
▒▒▒▒▒)▒▒▒.▒ ▒....▒.▒*,,,,,,,,,,,
......)▒▒.▒▒▒▒▒▒▒.▒.▒***+********
▒▒▒▒.8.▒▒.▒?....▒.▒.▒*,,,,,,,,*
...▒...▒▒.▒[▒...▒.▒.▒*,,,,,,,,*
)⚑.▒▒▒.▒▒.▒)▒.....▒.▒*,,,,,,,,*
.....▒.▒▒.▒.▒▒▒▒▒▒▒.▒*,,,,,,,,*


You could see 2 dire elephants and an orc.


Message History

The dire elephant tramples you.
The dire elephant trunk-slaps you but does no damage.
The dire elephant attacks as you move away!
You block the dire elephant's attack. The dire elephant trunk-slaps you.
The dire elephant attacks as you move away!
The dire elephant closely misses you. The dire elephant misses you.
An orc knight comes into view. It is wielding a +0 great mace.
The dire elephant attacks as you move away!
The dire elephant tramples you!!
* * * LOW HITPOINT WARNING * * *
The dire elephant completely misses you.
The dire elephant attacks as you move away!
You block the dire elephant's attack.
The dire elephant trunk-slaps you but does no damage.
The dire elephant attacks as you move away!
The dire elephant tramples you!!
* * * LOW HITPOINT WARNING * * *
The dire elephant misses you.
The dire elephant attacks as you move away!
The dire elephant completely misses you.
You block the dire elephant's attack.
There is an open door here.
The dire elephant attacks as you move away!
The dire elephant tramples you!!
* * * LOW HITPOINT WARNING * * *
The dire elephant trunk-slaps you.
* * * LOW HITPOINT WARNING * * *
The dire elephant attacks as you move away!
The dire elephant tramples you!
You die...

Skill      XL: |  1  2  3  4  5  6  7  8  9 10 11 12 13 14 15 16 17 18 |
---------------+-------------------------------------------------------+-----
Conjurations   | 2 3 4 6 8 9 10 12 | 12.8
Fire Magic     | 4 5 6 8 12 17 18 | 18.5
Fighting       | 1 4 10 11 12 14 15 | 15.0
Evocations     | 2 4 8 |  8.0
Spellcasting   | 4 5 8 12 15 16 | 16.0
Armour         | 2 4 6 |  6.0
Poison Magic   | 1 2 |  2.0
Air Magic      | 1 2 6 |  6.0
Dodging        | 6 10 | 10.9
Stealth        | 4 |  4.0
Earth Magic    | 4 10 | 10.0
Summonings     | 2 6 8 10 | 10.0
Shields        | 5 |  5.0

Action                     |  1- 3 |  4- 6 |  7- 9 | 10-12 | 13-15 | 16-18 | 19-21 || total
---------------------------+-------+-------+-------+-------+-------+-------+-------++-------
  Melee: Staff             |       |       |     1 |     3 |    15 |       |       ||    19
         Whip              |       |       |       |     4 |       |       |       ||     4
         Punch             |       |       |       |       |     1 |       |       ||     1
  Throw: Dart              |       |       |       |     1 |       |       |       ||     1
   Cast: Foxfire           |    52 |    86 |   171 |   114 |     4 |       |       ||   427
         Scorch            |     6 |    34 |    94 |   127 |     3 |       |       ||   264
         Flame Wave        |       |       |     9 |    35 |     2 |       |       ||    46
         Mephitic Cloud    |       |       |     3 |     4 |     1 |       |       ||     8
         Arcjolt           |       |       |       |     3 |       |       |       ||     3
         Starburst         |       |       |       |    55 |   233 |    81 |       ||   369
         Lee's Rapid Decon |       |       |       |       |    33 |    45 |       ||    78
         Iron Shot         |       |       |       |       |   223 |   445 |     1 ||   669
         Irradiate         |       |       |       |       |     1 |     2 |       ||     3
         Spellforged Servi |       |       |       |       |       |    46 |       ||    46
         Ignition          |       |       |       |       |       |    13 |     2 ||    15
  Evoke: Wand              |       |       |     3 |    11 |     8 |     1 |       ||    23
    Use: Scroll            |       |       |    12 |     3 |    11 |    13 |       ||    39
         Potion            |       |       |     3 |     3 |     1 |     3 |       ||    10
 Armour: Robe              |     1 |     4 |    18 |    74 |    48 |       |       ||   145
         Leather armour    |       |       |       |       |    52 |    61 |     2 ||   115
  Dodge: Dodged            |     4 |     7 |    45 |   145 |   146 |    68 |     5 ||   420
  Block: Buckler           |       |       |       |       |     2 |    65 |     3 ||    70

Levels and vault maps discovered:
D:1:      lightli_arrival_statue_moat, layout_basic, moated_statue
D:2:      layout_basic, minmay_fountain_box, minmay_pentomino_pile
D:3:      layout_basic
D:4:      layout_loops_ring
D:5:      lemuel_ratsnest, layout_cave_pools,
          minmay_temple_entry_enclosed_plants, uniq_prince_ribbit1
D:6:      layout_loops_ring, minmay_misc_feat_x, uniq_pikel, uniq_blork_the_orc
D:7:      layout_basic, lightli_temple_of_fire, uniq_maggie
D:8:      minmay_the_grid_octo_triangle [minmay_the_grid_octo_clover_2,
          minmay_the_grid_octo_prize_ultimate_mussel_roller,
          minmay_the_grid_octo_thin_diamonds], layout_basic, enter_bailey_5,
          serial_shops, nicolae_shop_rolling_square, dk_vineyard_1, uniq_psyche
D:9:      layout_cave_pools, nicolae_overflow_hidden_temple,
          grunt_lair_entry_orc_guard_hut, serial_gnoll_camp,
          gnoll_camp_huts_basic, gnoll_camp_mini_doghouse,
          gnoll_camp_mini_house, gnoll_camp_mini_hut, gnoll_camp_mini_hut,
          uniq_harold
D:10:     layout_loops_ring, minmay_orc_entry_temple_small, nicolae_benzene_ring
D:11:     layout_cave_pools, serial_undead, serial_undead_a, serial_undead_a,
          serial_undead_a, serial_undead_d, enter_trove_2, uniq_urug
D:12:     layout_basic, tgw_trog
D:13:     layout_loops_cross
D:14:     layout_grid_maze, hangedman_vaults_entry_quadrant_bands,
          minmay_misc_feat_four_crosses, serial_rivers,
          chequers_serial_rivers_micro_e, chequers_serial_rivers_small_a,
          chequers_serial_rivers_micro_d, chequers_serial_rivers_room_b,
          lemuel_zombie_altar_kikubaaqudgha
D:15:     hangedman_depths_entry_try_elsewhere_first, layout_layer_cave,
          hangedman_abyss_or_decor_clamps
Temple:   compressed_dpeg_circular_temple
Lair:1:   layout_gridlike
Lair:2:   layout_roguey, palyth_hydra_swamp_entry,
          minmay_snake_entry_guardpost_small
Lair:3:   layout_misc_corridors, dreamdust_mushroom_princess
Lair:4:   layout_big_grid, nicolae_slime_entry_field_trip,
          gauntlet_entry_generic, dreamdust_deal_with_the_devil,
          serial_bayou_shore_a
Lair:5:   minmay_lair_end_frog_pond, layout_big_grid, enter_volcano_2,
          st_stairs_12, serial_bayou_pond_b, infiniplex_staircase_pool_2
Swamp:1:  layout_falls_marsh, hangedman_swamp_ruin_wall, swamp_pool4, uniq_kirke
Swamp:2:  layout_basic_swamp, gammafunk_ghost_wrathful_warriors,
          evilmike_swamp_ruin_house_1, infiniplex_staircase_pool
Swamp:3:  layout_falls_marsh, serial_swamp_ruin, evilmike_swamp_ruin_house_2,
          evilmike_swamp_ruin_house_4, uniq_mlioglotl
Swamp:4:  swamp_basic_johnstein, layout_basic_swamp, uniq_nikola
Snake:1:  layout_onion_interference, grunt_megastairs_2, minmay_shop_star,
          uniq_frances, uniq_donald
Snake:2:  layout_basic
Snake:3:  kennysheep_six_static_rooms, layout_cave_pods, serial_shops,
          nicolae_shop_back_alley_shop, drop_trap
Snake:4:  johnstein_snake_rune_scales, layout_cave_town, uniq_aizul
Orc:1:    layout_diamond_mine, ebering_ghost_xom, uniq_sonja, uniq_josephine
Orc:2:    st_orc_mages, layout_caves, basic_altar
Vaults:1: vaults_room_pools, nicolae_vaults_frosty_reception,
          ontoclasm_vaults_eye, nicolae_vaults_tetromino_Z_1,
          ontoclasm_vaults_pinch, nicolae_vaults_trapezoid_layered,
          nicolae_vaults_library_corner, vaults_room_pool,
          ontoclasm_vaults_ligature, v_misc_14, nicolae_vaults_three_branches,
          ontoclasm_vaults_chip, ontoclasm_vaults_claustrophobia,
          nicolae_vaults_weapon_check, layout_vaults_omnicross
Vaults:2: minmay_crypt_entry_necro_gods, vaults_room_octagon,
          ontoclasm_vaults_shuriken, hangedman_vaults_restitches, v_misc_31,
          ontoclasm_vaults_spin, st_greater_box_1, hangedman_vaults_capsules,
          v_misc_18, vaults_room_fours, v_misc_15, nicolae_vaults_tetromino_L_1,
          layout_vaults_maze, serial_shops, bzr_in_the_mist
Vaults:3: nicolae_vaults_steering_wheel, nicolae_vaults_windows_and_doors_thing,
          nicolae_vaults_trapezoid_lopsided_4, v_pattern_4,
          nicolae_vaults_network_star, hangedman_vaults_locks,
          ontoclasm_vaults_hangar, nicolae_vaults_tetromino_Z_1,
          nicolae_vaults_prndl, nicolae_vaults_network_square,
          nicolae_vaults_trapezoid_lopsided_2, vaults_dpeg_ring,
          vaults_room_stairs_pillars, layout_vaults_omnibox

Notes
Turn   | Place    | Note
-------+----------+-------------------------------------------
     0 | D:1      | Jackthecabe the Deep Elf Fire Elementalist began the quest
                  | for the Orb.
     0 | D:1      | Reached XP level 1. HP: 10/10 MP: 6/6
   205 | D:1      | Reached XP level 2. HP: 15/15 MP: 5/8
   247 | D:1      | Learned a level 2 spell: Scorch
   705 | D:1      | Reached skill level 2 in Conjurations
  1095 | D:1      | Reached skill level 4 in Fire Magic
  1471 | D:2      | Reached XP level 3. HP: 19/19 MP: 6/9
  1586 | D:2      | Reached skill level 3 in Conjurations
  1635 | D:2      | Reached XP level 4. HP: 24/24 MP: 4/10
  2601 | D:3      | Reached skill level 5 in Fire Magic
  2780 | D:3      | Reached XP level 5. HP: 28/28 MP: 8/11
  2810 | D:3      | Learned a level 4 spell: Flame Wave
  3124 | D:4      | Reached skill level 4 in Conjurations
  3892 | D:4      | Reached XP level 6. HP: 32/32 MP: 3/12
  3963 | D:4      | Reached skill level 5 in Conjurations
  3963 | D:4      | Reached skill level 6 in Fire Magic
  4249 | D:5      | Entered Level 5 of the Dungeon
  4310 | D:5      | Found a staircase to the Ecumenical Temple.
  4344 | Temple   | Entered the Ecumenical Temple
  4426 | Temple   | Became a worshipper of Vehumet
  4578 | D:5      | Reached skill level 6 in Conjurations
  4588 | D:5      | Reached skill level 1 in Fighting
  4632 | D:5      | Reached XP level 7. HP: 28/39 MP: 0/13
  4797 | D:5      | Noticed Prince Ribbit
  4802 | D:5      | Killed Prince Ribbit
  4803 | D:5      | Reached skill level 3 in Fighting
  5008 | D:5      | Reached skill level 4 in Fighting
  5388 | D:5      | Reached * piety under Vehumet
  5388 | D:5      | Offered knowledge of Kiss of Death by Vehumet.
  5394 | D:5      | Reached XP level 8. HP: 33/48 MP: 1/14
  6017 | D:6      | Noticed Blork the orc
  6027 | D:6      | Reached skill level 7 in Conjurations
  6027 | D:6      | Reached skill level 7 in Fire Magic
  6032 | D:6      | Reached skill level 1 in Evocations
  6032 | D:6      | Killed Blork the orc
  6033 | D:6      | Reached skill level 2 in Evocations
  6411 | D:6      | Offered knowledge of Searing Ray by Vehumet.
  6412 | D:6      | Reached skill level 4 in Spellcasting
  6655 | D:6      | Reached ** piety under Vehumet
  7087 | D:6      | Noticed Pikel
  7099 | D:6      | Killed Pikel
  7100 | D:6      | Reached skill level 8 in Conjurations
  7100 | D:6      | Reached skill level 8 in Fire Magic
  7100 | D:6      | Reached skill level 2 in Armour
  7100 | D:6      | Reached XP level 9. HP: 43/52 MP: 5/17
  7641 | D:7      | Reached skill level 3 in Armour
  7916 | D:7      | Found a burning altar of Makhleb.
  8022 | D:7      | Noticed Maggie
  8060 | D:7      | Killed Maggie
  8061 | D:7      | Reached skill level 4 in Armour
  8289 | D:7      | Reached skill level 5 in Fighting
  8854 | D:8      | Offered knowledge of Hailstorm by Vehumet.
  8900 | D:8      | Identified the ring "Boecut" {rElec rC+ Str-5 Slay+3 SInv}
  8975 | D:8      | Found a flagged portal.
  8977 | D:8      | Reached *** piety under Vehumet
  8989 | Bailey   | Entered a bailey
  9232 | Bailey   | Noticed an orc warlord
  9272 | Bailey   | Offered knowledge of Mephitic Cloud by Vehumet.
  9284 | Bailey   | Reached skill level 6 in Fighting
  9288 | Bailey   | Learned a level 3 spell: Mephitic Cloud
  9374 | Bailey   | Reached skill level 1 in Poison Magic
  9395 | Bailey   | Reached skill level 1 in Air Magic
  9527 | Bailey   | Found a runed translucent gate.
  9527 | Bailey   | Found a runed translucent gate.
  9527 | Bailey   | Found a runed translucent gate.
  9710 | Bailey   | Identified a potion of experience
  9947 | Bailey   | Identified the ring of Enupn {+Blink rElec AC+4}
  9971 | D:8      | Reached skill level 10 in Fighting
  9971 | D:8      | Reached XP level 10. HP: 68/68 MP: 5/18
 10204 | D:8      | Noticed Psyche
 10214 | D:8      | Killed Psyche
 10215 | D:8      | Reached skill level 2 in Air Magic
 10215 | D:8      | Reached skill level 2 in Poison Magic
 10267 | D:8      | Found Vaerantu's Armour Emporium.
 10704 | D:9      | Reached **** piety under Vehumet
 10822 | D:9      | Offered knowledge of Arcjolt by Vehumet.
 10841 | D:9      | Learned a level 5 spell: Arcjolt
 10969 | D:9      | Reached XP level 11. HP: 73/73 MP: 12/19
 11162 | D:9      | Noticed Harold
 11215 | D:8      | Reached skill level 11 in Fighting
 11668 | D:9      | Reached skill level 3 in Evocations
 11864 | D:9      | Found a hazy altar of Hepliaklqana.
 11934 | D:9      | Found a staircase to the Lair.
 12740 | D:9      | Reached skill level 4 in Evocations
 12832 | D:9      | Killed Harold
 12833 | D:9      | Reached skill level 3 in Air Magic
 13271 | D:9      | Reached ***** piety under Vehumet
 13380 | D:10     | Entered Level 10 of the Dungeon
 13413 | D:10     | Noticed a two-headed ogre
 13426 | D:9      | Killed a two-headed ogre
 13427 | D:9      | Reached skill level 4 in Air Magic
 13600 | D:10     | Noticed a two-headed ogre
 13609 | D:10     | Killed a two-headed ogre
 13610 | D:10     | Reached skill level 5 in Air Magic
 13881 | D:10     | Reached skill level 6 in Air Magic
 13930 | D:10     | Offered knowledge of Iskenderun's Mystic Blast by Vehumet.
 13931 | D:10     | Reached skill level 3 in Dodging
 13938 | D:10     | Reached skill level 4 in Dodging
 14200 | D:10     | Reached skill level 5 in Dodging
 14582 | D:10     | Found a staircase to the Orcish Mines.
 14595 | D:10     | Reached skill level 6 in Dodging
 14602 | D:10     | Reached skill level 3 in Stealth
 14982 | D:11     | Noticed a boulder beetle
 14984 | D:11     | Noticed Urug
 14985 | D:11     | Reached skill level 4 in Stealth
 14985 | D:11     | Reached skill level 5 in Spellcasting
 14985 | D:11     | Noticed a white ugly thing
 15386 | D:9      | Found a shimmering blue altar of Sif Muna.
 15386 | D:9      | Found a basalt altar of Yredelemnul.
 15411 | D:11     | Noticed a centaur warrior
 15415 | D:11     | Killed a centaur warrior
 15504 | D:11     | Found a portal to a secret trove of treasure.
 15614 | D:11     | Acquired 1170 gold pieces
 15616 | D:11     | Acquired 816 gold pieces
 15618 | D:11     | Acquired the staff of fire "Keyjolut" {rF+ Int+4 Dex+3}
 15678 | D:11     | Reached XP level 12. HP: 69/80 MP: 4/21
 16012 | D:11     | Reached skill level 12 in Fighting
 16386 | D:11     | Reached skill level 5 in Armour
 16406 | D:11     | Learned a level 6 spell: Starburst
 16507 | Lair:1   | Entered Level 1 of the Lair of Beasts
 16848 | Lair:1   | Found the +10 morningstar "Eos" {elec, Halo rElec}
 17094 | Lair:1   | Offered knowledge of Lee's Rapid Deconstruction by Vehumet.
 17105 | Lair:1   | Reached skill level 6 in Spellcasting
 17328 | Lair:1   | Reached skill level 6 in Armour
 17334 | Lair:1   | Reached skill level 7 in Spellcasting
 17428 | Lair:1   | Reached skill level 8 in Spellcasting
 17567 | Lair:1   | Learned a level 5 spell: Lee's Rapid Deconstruction
 17930 | Lair:2   | Noticed a six-headed hydra
 17935 | Lair:2   | Killed a six-headed hydra
 17936 | Lair:2   | Reached skill level 1 in Earth Magic
 18084 | Lair:2   | Reached skill level 2 in Earth Magic
 18297 | Lair:2   | Noticed an eight-headed hydra
 18303 | Lair:2   | Killed an eight-headed hydra
 18304 | Lair:2   | Reached skill level 9 in Conjurations
 18304 | Lair:2   | Reached skill level 3 in Earth Magic
 18662 | Lair:2   | Reached skill level 4 in Earth Magic
 18866 | Lair:2   | Found a staircase to the Snake Pit.
 19066 | Lair:2   | Found a staircase to the Swamp.
 19068 | Lair:2   | Noticed an eight-headed hydra
 19081 | Lair:2   | Killed an eight-headed hydra
 19345 | Lair:3   | Reached XP level 13. HP: 86/86 MP: 15/27
 19347 | Lair:3   | Reached skill level 5 in Earth Magic
 19462 | Lair:3   | Reached skill level 10 in Conjurations
 19750 | Lair:3   | Reached skill level 6 in Earth Magic
 20034 | Lair:3   | Reached skill level 7 in Earth Magic
 20332 | Lair:3   | Offered knowledge of Orb of Destruction by Vehumet.
 20413 | Lair:3   | Reached skill level 8 in Earth Magic
 20649 | Lair:3   | Reached skill level 9 in Earth Magic
 21303 | Lair:4   | Found a gate leading to a gauntlet.
 21305 | Lair:4   | Found a viscous altar of Jiyva.
 21312 | Lair:4   | Reached skill level 10 in Earth Magic
 21355 | Gauntlet | Entered a Gauntlet
 21355 | Gauntlet | Found a transporter.
 21355 | Gauntlet | Found a transporter.
 21355 | Gauntlet | Found a transporter.
 21396 | Gauntlet | Found a transporter.
 21410 | Gauntlet | Found a transporter.
 21412 | Gauntlet | Found a transporter.
 21420 | Gauntlet | Found a transporter.
 21425 | Gauntlet | Found a transporter.
 21444 | Gauntlet | Found a transporter.
 21448 | Gauntlet | Found a transporter.
 21458 | Gauntlet | Found a transporter.
 21462 | Gauntlet | Found a transporter.
 21792 | Gauntlet | Identified the ring "Zisan" {rF- Str-5 Int+8 Dex+6 Stlth+}
 21884 | Gauntlet | Reached skill level 9 in Spellcasting
 21898 | Gauntlet | Identified the ring of Untruth {rPois rF+ rCorr Dex+6}
 22026 | Gauntlet | Noticed a minotaur
 22290 | Gauntlet | Identified the ring "Kehuis" {Wiz rElec}
 22295 | Gauntlet | Killed a minotaur
 22395 | Gauntlet | Got the Volume of Direction and the Swarm
 22425 | Lair:4   | Identified the +10 mace of Kesy {freeze, rCorr Str+3 Int-5
                  | Stlth+}
 22481 | Lair:4   | Reached skill level 10 in Spellcasting
 22619 | Lair:4   | Found a staircase to the Slime Pits.
 23020 | Lair:4   | Reached skill level 11 in Spellcasting
 23244 | Lair:4   | Reached skill level 12 in Spellcasting
 23251 | Lair:4   | Learned a level 6 spell: Iron Shot
 23457 | Lair:4   | Reached skill level 1 in Summonings
 23514 | Lair:4   | Reached skill level 2 in Summonings
 23514 | Lair:4   | Reached XP level 14. HP: 78/92 MP: 18/32
 23516 | Lair:4   | Reached skill level 3 in Summonings
 23614 | Lair:4   | Found the +15 Maxwell's patent armour {-Cast -Tele rElec
                  | Will+ rCorr}
 23845 | Lair:5   | Entered Level 5 of the Lair of Beasts
 23849 | Lair:5   | Reached skill level 4 in Summonings
 23916 | Lair:5   | Reached skill level 5 in Summonings
 24104 | Lair:5   | Reached skill level 6 in Summonings
 24381 | Lair:5   | Offered knowledge of Irradiate by Vehumet.
 24964 | Lair:5   | Reached skill level 13 in Fighting
 25516 | Lair:5   | Found the +3 Mad Mage's Maulers {Infuse+∞ VampMP -Cast}
 25548 | Lair:5   | Identified the +2 quick blade of Tuujium {freeze, rC++
                  | Str+2 Dex-4}
 25816 | D:11     | Learned a level 5 spell: Irradiate
 26102 | D:11     | Killed Urug
 26357 | Orc:1    | Entered Level 1 of the Orcish Mines
 26363 | Orc:1    | Found a runed translucent door.
 26363 | Orc:1    | Found a shimmering altar of Xom.
 26363 | Orc:1    | Noticed Jeffwins's ghost (journeyman OgMo)
 26507 | Orc:2    | Entered Level 2 of the Orcish Mines
 26776 | Orc:2    | Found a staircase to the Elven Halls.
 28196 | Orc:2    | Reached skill level 14 in Fighting
 28358 | Orc:2    | Offered knowledge of Plasma Beam by Vehumet.
 28394 | Orc:2    | Found Cecae's Antique Armour Shoppe.
 28394 | Orc:2    | Found Mogami's Jewellery Emporium.
 28517 | Orc:2    | Found Dib Dag's Weapon Emporium.
 28521 | Orc:2    | Found Xewaul's Jewellery Shoppe.
 29154 | Orc:2    | Bought a fine helmet for 275 gold pieces
 29154 | Orc:2    | Identified the +0 helmet of the Jabberwock {rF+} (You
                  | bought it in a shop on level 2 of the Orcish Mines)
 29168 | Orc:2    | Bought the ring "Icvaimya" {*Slow Fly rF++ rC+++ Slay+4}
                  | for 1323 gold pieces
 29182 | Orc:2    | Bought an amulet of magic regeneration for 450 gold pieces
 29350 | Orc:1    | Noticed Sonja
 29351 | Orc:1    | Noticed Josephine
 29354 | Orc:1    | Killed Sonja
 29541 | Orc:1    | Killed Josephine
 29783 | D:12     | Identified the +5 arbalest of Yredelemnul's Approval
                  | {penet, Contam Str+5}
 30059 | D:12     | Reached XP level 15. HP: 101/101 MP: 28/33
 30246 | D:12     | Found a bloodstained altar of Trog.
 31502 | D:14     | Found an ancient bone altar of Kikubaaqudgha.
 31531 | D:14     | Reached skill level 15 in Fighting
 31695 | D:14     | Reached skill level 1 in Shields
 31897 | D:14     | Offered knowledge of Eringya's Noxious Bog by Vehumet.
 32039 | D:14     | Reached skill level 2 in Shields
 32039 | D:14     | Reached skill level 13 in Spellcasting
 32392 | D:14     | Identified a scarf of resistance
 32621 | D:14     | Identified the +3 robe of the Jabberwock {rN+}
 32631 | D:14     | Reached skill level 3 in Shields
 32823 | D:14     | Found a gate to the Vaults.
 32992 | D:14     | Reached skill level 4 in Shields
 32993 | D:14     | Reached skill level 14 in Spellcasting
 33370 | D:15     | Entered Level 15 of the Dungeon
 33973 | D:15     | Found a staircase to the Depths.
 34019 | D:15     | Reached skill level 5 in Shields
 34386 | D:15     | Reached skill level 15 in Spellcasting
 34432 | D:15     | Learned a level 7 spell: Spellforged Servitor
 35046 | Snake:1  | Entered Level 1 of the Snake Pit
 35055 | Snake:1  | Reached skill level 7 in Summonings
 35186 | Snake:1  | Noticed Donald
 35189 | Snake:1  | Killed Donald
 35358 | D:8      | Bought a +2 buckler of protection for 301 gold pieces
 35471 | Snake:1  | Identified the +5 dagger of the Ten Friends {vamp, rC+
                  | Int-3 Dex+4 Stlth+}
 35646 | Snake:1  | Offered knowledge of Maxwell's Capacitive Coupling by
                  | Vehumet.
 35647 | Snake:1  | Reached skill level 8 in Summonings
 35713 | Snake:1  | Noticed Frances
 35719 | Snake:1  | Killed Frances
 35720 | Snake:1  | Reached XP level 16. HP: 88/108 MP: 6/37
 35790 | Snake:1  | Found Ywec's Antique Weapon Shop.
 36492 | Snake:2  | Reached skill level 9 in Summonings
 36852 | Snake:2  | Reached skill level 10 in Summonings
 37561 | Snake:2  | Reached skill level 9 in Fire Magic
 38018 | Snake:3  | Reached skill level 11 in Conjurations
 38270 | Snake:3  | Reached skill level 10 in Fire Magic
 38439 | Snake:3  | Found Axzium's Book Boutique.
 38860 | Snake:3  | Reached skill level 12 in Conjurations
 39036 | Snake:4  | Entered Level 4 of the Snake Pit
 39181 | Snake:4  | Reached skill level 11 in Fire Magic
 39564 | Snake:4  | Reached skill level 12 in Fire Magic
 39574 | Snake:4  | Noticed Vashnia
 39834 | Snake:4  | Killed Vashnia
 39971 | Snake:4  | Reached XP level 17. HP: 110/111 MP: 29/38
 40067 | Snake:4  | Reached skill level 13 in Fire Magic
 40680 | Snake:4  | Noticed Aizul
 40686 | Snake:4  | Killed Aizul
 40932 | Snake:4  | Reached ****** piety under Vehumet
 41464 | Snake:4  | Reached skill level 14 in Fire Magic
 41615 | Snake:4  | Reached skill level 16 in Spellcasting
 41674 | Snake:4  | Got a serpentine rune of Zot
 41739 | Snake:4  | Learned a level 8 spell: Ignition
 41880 | Swamp:1  | Entered Level 1 of the Swamp
 41880 | Swamp:1  | Noticed Kirke
 42024 | Lair:2   | Killed Kirke
 42295 | Swamp:1  | Identified a potion of resistance
 42708 | Swamp:1  | Offered knowledge of Lehudib's Crystal Spear by Vehumet.
 42708 | Swamp:1  | Offered knowledge of Polar Vortex by Vehumet.
 42708 | Swamp:1  | Offered knowledge of Maxwell's Capacitive Coupling by
                  | Vehumet.
 42711 | Swamp:1  | Reached skill level 15 in Fire Magic
 43220 | Swamp:2  | Reached skill level 16 in Fire Magic
 43441 | Swamp:2  | Noticed esper6's ghost (journeyman MeCA)
 43519 | Swamp:2  | Found a transporter.
 43542 | Swamp:2  | Found a transporter.
 43544 | Swamp:2  | Found a bloodstained altar of Trog.
 43991 | Swamp:3  | Noticed Mlioglotl
 43997 | Swamp:3  | Killed Mlioglotl
 44251 | Swamp:3  | Reached skill level 17 in Fire Magic
 44330 | Swamp:3  | Reached XP level 18. HP: 119/119 MP: 3/40
 44710 | Swamp:4  | Entered Level 4 of the Swamp
 45228 | Swamp:4  | Noticed Nikola
 45238 | Swamp:4  | Killed Nikola
 45421 | Swamp:4  | Reached skill level 18 in Fire Magic
 45729 | Swamp:4  | Reached skill level 5 in Evocations
 45771 | Swamp:4  | Reached skill level 7 in Dodging
 45907 | Swamp:4  | Got a decaying rune of Zot
 46243 | Vaults:1 | Entered Level 1 of the Vaults
 46377 | Vaults:1 | Reached skill level 6 in Evocations
 46692 | Vaults:1 | Reached skill level 8 in Dodging
 46926 | Vaults:1 | Identified the +6 chain mail of the Salmon {+Inv rPois
                  | Dex-5}
 47016 | Vaults:1 | Reached skill level 7 in Evocations
 47211 | Vaults:1 | Reached skill level 9 in Dodging
 47470 | Vaults:1 | Identified the +1 ring mail of Truth {-Tele rPois rC++
                  | Dex+3}
 47664 | Vaults:2 | Found a flickering gateway to a bazaar.
 47669 | Vaults:2 | Reached skill level 8 in Evocations
 47680 | Bazaar   | Entered a bazaar
 47680 | Bazaar   | Found Secez's General Store.
 47687 | Bazaar   | Found Patut's Distillery.
 47695 | Bazaar   | Found Miffiz's Jewellery Boutique.
 47706 | Bazaar   | Found Kolutef's Antique Weapon Emporium.
 47722 | Bazaar   | Found Derrah's Antique Armour Shop.
 47754 | Bazaar   | Bought a spiked cloak for 228 gold pieces
 47754 | Bazaar   | Identified the +2 cloak of the Sky {rPois rCorr} (You
                  | bought it in a shop in a bazaar)
 47789 | Bazaar   | Bought a ring of willpower for 300 gold pieces
 47797 | Bazaar   | Bought a potion of haste for 60 gold pieces
 47797 | Bazaar   | Bought a potion of brilliance for 24 gold pieces
 47797 | Bazaar   | Bought a potion of curing for 18 gold pieces
 47797 | Bazaar   | Bought a potion of curing for 18 gold pieces
 47797 | Bazaar   | Bought a potion of curing for 18 gold pieces
 47808 | Bazaar   | Bought a scroll of amnesia for 48 gold pieces
 47808 | Bazaar   | Bought a potion of mutation for 96 gold pieces
 47808 | Bazaar   | Bought a scroll of blinking for 90 gold pieces
 47808 | Bazaar   | Bought a potion of lignification for 36 gold pieces
 47847 | Vaults:2 | Learned a level 9 spell: Fire Storm
 47972 | Vaults:2 | Reached skill level 10 in Dodging
 48015 | Vaults:2 | Found a staircase to the Crypt.
 48015 | Vaults:2 | Found an ancient bone altar of Kikubaaqudgha.
 48017 | Vaults:2 | Found a basalt altar of Yredelemnul.
 48208 | Vaults:2 | You are sucked into a shaft and drop 1 floor!
 48933 | Vaults:2 | Reached XP level 19. HP: 124/124 MP: 16/41
 48944 | Vaults:2 | HP: 12/124 [dire elephant (6)]
 48944 | Vaults:2 | Slain by a dire elephant

Vanquished Creatures
  Vashnia (Snake:4)
  Nikola (Swamp:4)
  Mlioglotl (Swamp:3)
  Frances (Snake:1)
  A thorn hunter (Swamp:3)
  Donald (Snake:1)
  4 nagarajas
  A fire giant (Vaults:2)
  A deep elf sorcerer (Vaults:1)
  2 vault wardens (Vaults:2)
  3 ironbound preservers
  2 ironbound thunderhulks
  5 eleionomae
  A minotaur (Gauntlet)
  6 dire elephants
  2 bunyips
  Josephine (Orc:1)
  A shambling mangrove (Swamp:4)
  3 ettins
  A deep elf death mage (Vaults:1)
  A vault guard (Vaults:2)
  Harold (D:9)
  A yaktaur captain (Vaults:2)
  20 hydras
  A salamander tyrant (Snake:3)
  A hell beast (Gauntlet)
  8 centaur warriors
  4 catoblepae
  8 alligators
  7 anacondas
  3 two-headed ogres
  5 boulder beetles
  5 ironbound frosthearts
  12 naga warriors
  3 death yaks (Lair:4)
  Urug (D:11)
  2 deep troll earth magi (Vaults:1)
  2 shock serpents (Snake:4)
  4 orc high priests (Orc:2)
  Sonja (Orc:1)
  4 naga sharpshooters
  9 spriggans
  A spriggan berserker (Swamp:4)
  2 skysharks
  6 salamander mystics
  4 goliath frogs
  6 skeletal warriors (D:14)
  A glowing orange brain (Vaults:2)
  4 spriggan druids
  11 deep trolls
  6 naga ritualists
  6 swamp dragons (Swamp:4)
  3 wizards
  Pikel (D:6)
  7 bog bodies
  A deep elf archer (D:14)
  A harpy (Vaults:2)
  8 mana vipers
  2 necromancers (Vaults:1)
  An orc sorcerer (Orc:2)
  A lindwurm (Vaults:2)
  A wolf spider (D:14)
  6 ironbound convokers
  4 deep elf pyromancers
  2 orc knights
  A deep elf zephyrmancer (D:14)
  5 cyclopes
  A moth of wrath (D:12)
  18 salamanders
  15 ugly things
  24 elephants
  3 manticores
  4 will-o-the-wisps
  27 black mambas
  20 naga magi
  4 vault sentinels
  20 cane toads
  6 centaur zombies (D:11)
  5 guardian serpents
  Maggie (D:7)
  Psyche (D:8)
  2 rime drakes
  6 komodo dragons
  4 centaur skeletons (D:14)
  A kobold demonologist (D:12)
  14 yaktaurs
  An efreet (D:10)
  A freezing wraith (D:14)
  A polar bear (Lair:5)
  11 tyrant leeches
  2 bloated husks
  Prince Ribbit (D:5)
  7 trolls
  A wolf spider simulacrum (D:15)
  14 hornets
  A blink frog (shapeshifter) (D:14)
  20 blink frogs
  12 dream sheep
  4 meliai zombies (D:11)
  An ettin zombie (Vaults:1)
  An ettin skeleton (Vaults:1)
  18 slime creatures
  A centaur simulacrum (D:14)
  6 wraiths
  38 yaks
  3 wyverns
  5 shadows
  5 vampires
  2 hogs (Lair:2)
  15 vampire mosquitoes
  3 basilisks
  54 nagas
  3 wargs
  6 swamp worms
  A glowing shapeshifter zombie (Vaults:1)
  2 acid dragons
  7 water moccasins
  6 swamp drakes (Swamp:4)
  An ice beast (D:7)
  25 orc warriors
  4 black bears
  4 boggarts
  4 ogres
  6 centaurs
  17 wolves
  2 lemures (D:6)
  A phantom (D:5)
  Blork the orc (D:6)
  3 kobold brigands
  17 bullfrogs
  6 scorpions
  4 gnoll sergeants (D:9)
  9 killer bees (D:9)
  4 howler monkeys
  An electric eel (Lair:5)
  11 hounds
  4 gnoll boudas
  5 jellies
  23 orc priests
  A sleepcap (D:7)
  2 iguanas
  29 orc wizards
  29 gnolls
  11 adders
  11 river rats (D:5)
  4 shadow imps
  2 white imps (D:6)
  4 worms
  2 dart slugs
  63 orcs
  6 ball pythons
  2 bats
  4 endoplasms
  3 giant cockroaches
  22 goblins
  8 hobgoblins
  6 jackals
  16 quokkas
  3 frilled lizards
  24 kobolds
  18 rats
  A rat zombie (D:14)
1085 creatures vanquished.

Vanquished Creatures (collateral kills)
  Kirke (Lair:2)
  A nagaraja (Snake:4)
  A vault warden (Vaults:2)
  Aizul (Snake:4)
  An ironbound preserver (Vaults:1)
  An eleionoma (Swamp:3)
  A vault guard (Vaults:2)
  2 hydras (Swamp:4)
  A salamander tyrant (Snake:4)
  2 ironbound frosthearts (Vaults:1)
  2 alligators
  An anaconda (Snake:4)
  A spriggan berserker (Swamp:4)
  A naga sharpshooter (Snake:4)
  5 spriggans
  A goliath frog (Swamp:1)
  A bog body (Swamp:1)
  2 deep trolls (Vaults:1)
  4 swamp dragons
  A lindwurm (Vaults:2)
  An ironbound convoker (Vaults:1)
  A mana viper (Snake:4)
  A salamander (Snake:3)
  A black mamba (Snake:4)
  A vault sentinel (Vaults:1)
  2 naga magi (Snake:4)
  5 guardian serpents (Snake:4)
  A nameless horror (Vaults:1)
  2 hornets
  A swamp worm (Swamp:1)
  4 nagas
  A swamp drake (Swamp:4)
52 creatures vanquished.

Vanquished Creatures (others)
  3 humans (Swamp:1)
  2 scorpions (D:9)
  709 foxfires
714 creatures vanquished.

Grand Total: 1851 creatures vanquished

Table legend: (Time is in decaauts)
 A = Elapsed time spent in this place.
 B = Non-inter-level travel time spent in this place.
 C = Inter-level travel time spent in this place.
 D = Time resting spent in this place.
 E = Time spent auto-exploring this place.
 F = Levels seen in this place.
 G = Mean time per level.
                   A        B        C        D        E       F      G
               +--------+--------+--------+--------+--------+-----+--------+
         Total |  49071 |  46242 |   2829 |  10612 |  28083 |  37 | 1326.2 |
       Dungeon |  21556 |  20213 |   1343 |   3885 |  13209 |  15 | 1437.1 |
        Temple |     91 |     83 |      8 |      0 |     57 |   1 |   91.0 |
          Lair |   9280 |   8484 |    796 |   3122 |   4162 |   5 | 1856.0 |
         Swamp |   3603 |   3387 |    216 |    185 |   2721 |   4 |  900.8 |
     Snake Pit |   6392 |   6105 |    287 |   1395 |   3602 |   4 | 1598.0 |
  Orcish Mines |   3402 |   3255 |    147 |    944 |   1865 |   2 | 1701.0 |
        Vaults |   2562 |   2532 |     30 |    226 |   1913 |   3 |  854.0 |
        Bazaar |    145 |    145 |      0 |      0 |     55 |   1 |  145.0 |
        Bailey |    968 |    968 |      0 |    504 |    113 |   1 |  968.0 |
      Gauntlet |   1066 |   1066 |      0 |    351 |    385 |   1 | 1066.0 |
               +--------+--------+--------+--------+--------+-----+--------+

Top non-repeatable levels by time:
  Lair:2: 2659 daAuts
   Orc:2: 2360 daAuts
     D:9: 2328 daAuts
    D:10: 2288 daAuts
 Snake:4: 2271 daAuts
  Lair:4: 2097 daAuts
    D:14: 2096 daAuts
     D:8: 1762 daAuts
  Lair:3: 1705 daAuts
  Lair:1: 1543 daAuts
 Snake:3: 1542 daAuts
     D:7: 1539 daAuts
 Snake:2: 1533 daAuts
     D:5: 1469 daAuts
     D:6: 1466 daAuts

Table legend:
 A = Non-vault XP
 B = Vault XP
 C = Vault XP percentage of total XP
 D = Non-vault monster count
 E = Vault monster count
 F = Vault count percentage of total count
                 A         B        C        D         E       F
            +---------+---------+-------+---------+---------+-------
      Total |  237452 |  135087 |  36.3 |     739 |     395 |  34.8
            +---------+---------+-------+---------+---------+-------
        D:1 |      40 |       0 |   0.0 |      22 |       0 |   0.0
        D:2 |     109 |      13 |  10.7 |      22 |       6 |  21.4
        D:3 |      51 |       0 |   0.0 |      15 |       0 |   0.0
        D:4 |     261 |       0 |   0.0 |      21 |       0 |   0.0
        D:5 |     517 |     506 |  49.5 |      12 |      32 |  72.7
        D:6 |     561 |     765 |  57.7 |      17 |       2 |  10.5
        D:7 |     962 |     398 |  29.3 |      22 |       1 |   4.3
        D:8 |     202 |     482 |  70.5 |      18 |       7 |  28.0
        D:9 |    2391 |    2026 |  45.9 |      18 |      30 |  62.5
       D:10 |    3898 |     650 |  14.3 |      17 |       9 |  34.6
       D:11 |    2667 |    5680 |  68.0 |      10 |      17 |  63.0
       D:12 |    5749 |     555 |   8.8 |      21 |       6 |  22.2
       D:13 |    6155 |     634 |   9.3 |      12 |       1 |   7.7
       D:14 |   15005 |    5674 |  27.4 |      30 |      20 |  40.0
       D:15 |    9796 |    2072 |  17.5 |      21 |       3 |  12.5
     Lair:1 |    5379 |       0 |   0.0 |      31 |       0 |   0.0
     Lair:2 |    6714 |    4972 |  42.5 |      23 |      12 |  34.3
     Lair:3 |   14242 |       0 |   0.0 |      35 |       0 |   0.0
     Lair:4 |   11471 |     128 |   1.1 |      27 |       3 |  10.0
     Lair:5 |    6578 |   12047 |  64.7 |      20 |      41 |  67.2
    Swamp:1 |   15854 |       0 |   0.0 |      33 |       0 |   0.0
    Swamp:2 |   14710 |       0 |   0.0 |      23 |       0 |   0.0
    Swamp:3 |   12660 |    1764 |  12.2 |      21 |       1 |   4.5
    Swamp:4 |    4613 |   20816 |  81.9 |      11 |      30 |  73.2
    Snake:1 |    2789 |    4466 |  61.6 |       7 |       6 |  46.2
    Snake:2 |   24227 |       0 |   0.0 |      53 |       0 |   0.0
    Snake:3 |   16728 |    2120 |  11.2 |      30 |       6 |  16.7
    Snake:4 |   18375 |   26724 |  59.3 |      41 |      46 |  52.9
      Orc:1 |    1710 |    2120 |  55.4 |      23 |       4 |  14.8
      Orc:2 |    3187 |    5898 |  64.9 |      34 |      44 |  56.4
   Vaults:1 |    8301 |   18487 |  69.0 |      16 |      24 |  60.0
   Vaults:2 |   20269 |   12276 |  37.7 |      31 |      15 |  32.6
   Vaults:3 |    1281 |       0 |   0.0 |       2 |       0 |   0.0
     Bailey |       0 |     567 | 100.0 |       0 |      24 | 100.0
   Gauntlet |       0 |    3247 | 100.0 |       0 |       5 | 100.0
            +---------+---------+-------+---------+---------+-------
